 Dungeon Crawl Stone Soup version 0.30.1-9-gdf580d7c3d (webtiles) character file.

Game seed: 11649045827648434817

583 fireball365 the Chopper (level 7, 0/56 (61) HPs)
             Began as a Hill Orc Fighter on Oct 8, 2023.
             Slain by a wight
             ... wielding a +1 dagger of freezing
              (4 damage)
             ... on level 5 of the Dungeon.
             The game lasted 00:06:11 (3519 turns).

fireball365 the Chopper (Hill Orc Fighter)          Turns: 3519, Time: 00:06:12

HP:   0/56 (61)     AC: 10    Str: 21    XL:     7   Next: 37%
MP:   7/7           EV: 10    Int:  8    God:
Gold: 160           SH:  4    Dex: 10    Spells: 6/6 levels left

rFire   . . .        a - +0 war axe
rCold   . . .        c - +0 buckler
rNeg    . . .        b - +0 scale mail
rPois   .            r - +0 helmet
rElec   .            (no cloak)
rCorr   .            t - +0 pair of gloves
SInv    .            j - +0 pair of boots
Will    .....        (no amulet) Stlth
                     o - +4 ring of slaying
HPRegen 0.29/turn    (no ring)
MPRegen 0.10/turn

%: no passive effects
@: drained
A: no striking features
a: no special abilities


You were on level 5 of the Dungeon.
You visited 1 branch of the dungeon, and saw 5 of its levels.
You also visited: Sewer.

You collected 160 gold pieces.

Inventory:

Hand Weapons
 a - a +0 war axe (weapon)
Missiles
 h - 2 javelins (quivered)
 z - 2 silver javelins
Armour
 b - a +0 scale mail (worn)
 c - a +0 buckler (worn)
 j - a +0 pair of boots (worn)
 r - a +0 helmet (worn)
 t - a +0 pair of gloves (worn)
Jewellery
 o - a +4 ring of slaying (left hand)
Wands
 v - a wand of flame (9)
Scrolls
 f - a scroll of noise
 k - a scroll of teleportation {unknown}
 m - a scroll of poison
 n - 2 scrolls of immolation {unknown}
 u - a scroll of vulnerability {unknown}
 w - 2 scrolls of blinking
 y - a scroll of enchant armour {unknown}
 A - a scroll of acquirement {unknown}
 B - a scroll of amnesia {unknown}
Potions
 d - 2 potions of might
 e - a potion of resistance {unknown}
 g - a potion of heal wounds {unknown}
 i - 2 potions of degeneration
 l - 2 potions of mutation
 p - 2 potions of brilliance
 q - a potion of magic {unknown}
 s - 4 potions of curing
 x - a potion of lignification {unknown}


   Skills:
 + Level 5.2 Fighting
 + Level 7.1 Axes
 + Level 4.8 Armour
 + Level 1.6 Dodging
 + Level 0.1 Stealth
 + Level 4.2 Shields


You had 6 spell levels left.
You didn't know any spells.
Your spell library was empty.

Dungeon Overview and Level Annotations

Branches:
Dungeon (5/15)              Sewer (visited)
 Temple: D:4-7

Altars:
Dithmenos

Annotations:
D:5 1 transporter, croobank's ghost, weakling GnDe


Message History

You open the door.
There is an open door here.
Found a stone staircase leading up.
Found a transporter.
Croobank's ghost turns its malevolent gaze towards you.
There is a transporter here.
Croobank's ghost wails.
You now have 160 gold pieces (gained 18). 2 wights come into view.
A wight is wielding a +2 long sword of freezing and wearing a +2 robe of resistance.
A wight is wielding a +1 dagger of freezing.
Found 5 poisoned darts.
The wight moves out of view.
Found the Book of Distant Shores and 8 gold pieces.
A wight comes into view. It is wielding a +0 halberd.
You closely miss the wight. x2; The wight hits you but does no damage.
The wight misses you.
The wight hits you with a +2 long sword of freezing!
You feel drained. The wight freezes you.
The wight hits you with a +1 dagger of freezing.
You feel drained. The wight freezes you.
The wight hits you with a +2 long sword of freezing.
You feel drained. The wight freezes you. The wight completely misses you.
The wight hits you but does no damage.
You slash the wight!
The wight is severely damaged.
You hit the wight but do no damage. You barely miss the wight.
The wight barely misses you.
The wight hits you with a +2 long sword of freezing!
The wight freezes you. The wight completely misses you.
You hit the wight but do no damage.
The wight is severely damaged.
You closely miss the wight. You barely miss the wight.
The wight hits you with a +2 long sword of freezing.
The wight freezes you.
* * * LOW HITPOINT WARNING * * *
The wight hits you with a +0 halberd.
* * * LOW HITPOINT WARNING * * *
The wight hits you with a +1 dagger of freezing!
* * * LOW HITPOINT WARNING * * *
The wight freezes you.
You die...

.###. ..#.... ....#
.#8#. #..#..##.##....
.........(#..##.# .#
....©....$#©....####.#
..... ... #..##...#..
.#8#. #..#..#.....# .#
.###.###..#..##....#.###
..........#..##z........
..... #....z@z......
###########..#....:.....
.............##........#
.............###.#......
###########.## #######..
### #


You could see 3 wights.

Vanquished Creatures
  A water moccasin (D:4)
  2 bullfrogs (Sewer)
  2 hounds (D:5)
  A jelly (D:4)
  2 iguanas (D:5)
  An orc wizard (D:4)
  Robin (D:2)
  7 adders
  3 worms
  3 dart slugs
  5 orcs (D:4)
  3 bats
  5 endoplasms
  5 giant cockroaches
  14 hobgoblins
  9 quokkas
  5 ball pythons (Sewer)
  16 frilled lizards
  12 goblins
  5 kobolds
  5 rats
107 creatures vanquished.

Notes
Turn   | Place    | Note
-------+----------+-------------------------------------------
     0 | D:1      | fireball365 the Hill Orc Fighter began the quest for the
                  | Orb.
     0 | D:1      | Reached XP level 1. HP: 19/19 MP: 1/1
   313 | D:1      | Reached XP level 2. HP: 26/27 MP: 2/2
   579 | D:1      | Reached skill level 3 in Axes
   863 | D:1      | Reached XP level 3. HP: 33/33 MP: 3/3
  1258 | D:2      | Identified the +0 robe of Action {*Corrode rF++ rN++}
  1346 | D:2      | Noticed Robin
  1363 | D:2      | Reached XP level 4. HP: 25/41 MP: 4/4
  1376 | D:2      | Killed Robin
  1377 | D:2      | Reached skill level 4 in Axes
  2257 | D:4      | Found a glowing drain.
  2277 | D:4      | Reached skill level 1 in Dodging
  2280 | D:4      | Reached XP level 5. HP: 41/47 MP: 5/5
  2281 | Sewer    | Entered a sewer
  2419 | Sewer    | Reached skill level 5 in Axes
  2558 | Sewer    | Reached XP level 6. HP: 35/55 MP: 6/6
  2639 | Sewer    | Reached skill level 5 in Fighting
  2736 | D:4      | Found a shadowy altar of Dithmenos.
  2757 | D:4      | Reached skill level 6 in Axes
  3158 | D:4      | Noticed a water moccasin
  3173 | D:4      | Killed a water moccasin
  3174 | D:4      | Reached XP level 7. HP: 9/61 MP: 7/7
  3373 | D:5      | Entered Level 5 of the Dungeon
  3398 | D:5      | Reached skill level 7 in Axes
  3481 | D:5      | Found a transporter.
  3483 | D:5      | Noticed croobank's ghost (weakling GnDe)
  3519 | D:5      | Slain by a wight

Illustrated notes

Levels and vault maps discovered:
D:1:      dpeg_arrival_lava_temple_mockup, layout_loops_corners,
          wander_ebering_terrifying_dragon_lair
D:2:      layout_basic, grunt_decor_cap, uniq_robin
D:3:      layout_loops_ring, minivault_26, minmay_lizard_king
D:4:      layout_rooms, nicolae_overflow_crystal_walls,
          cheibrodos_sewer_entry_drain
D:5:      layout_cave_pools, gammafunk_ghost_mausoleum, grunt_ministairs_8

Skill      XL: |  1  2  3  4  5  6  7 |
---------------+----------------------+-----
Fighting       | 4 5 |  5.2
Axes           | 3 4 5 6 7 |  7.1
Armour         | 4 |  4.8
Dodging        | 1 |  1.6
Shields        | 4 |  4.2
Stealth        | |  0.1

Action                     |  1- 3 |  4- 6 |  7- 9 || total
---------------------------+-------+-------+-------++-------
  Melee: War axe           |   107 |   166 |    23 ||   296
    Use: Scroll            |     1 |     7 |       ||     8
         Potion            |       |     1 |     1 ||     2
 Armour: Scale mail        |    80 |   120 |     9 ||   209
  Dodge: Dodged            |    65 |    77 |    17 ||   159
  Block: Buckler           |    39 |    39 |     7 ||    85
